 Dungeon Crawl Stone Soup version 0.31-a0-355-g57cb03d3e8 (webtiles) character file.

Game seed: 2729514343168286878

500 hashsling the Covered (level 7, -3/44 HPs)
             Began as a Gargoyle Fighter on July 25, 2023.
             Slain by a manticore (8 damage)
             ... summoned by a worldbinder
             ... on level 1 of the Abyss.
             The game lasted 00:10:39 (3233 turns).

hashsling the Covered (Gargoyle Fighter)            Turns: 3233, Time: 00:10:40

Health: -3/44      AC: 11    Str: 21    XL:     7   Next: 16%
Magic:  7/7        EV: 10    Int: 12    God:
Gold:   280        SH:  4    Dex:  9    Spells: 6/6 levels left

rFire   x . .        w - +0 whip "Pecogg" {drain, rElec rF- Int+3 SInv}
rCold   + . .        c - +0 buckler
rNeg    + + .        i - +3 leather armour {rN+}
rPois   ∞            (no helmet)
rElec   +            (no cloak)
rCorr   .            (no gloves)
SInv    +            (no boots)
Will    .....        (no amulet)
Stlth   +            n - ring of flight
HPRegen 0.27/turn    r - ring of protection from cold
MPRegen 0.10/turn

%: no passive effects
@: flying
A: sickness immunity, AC +4, negative energy resistance 1, electricity
resistance, torment resistance 1, petrification resistance
a: no special abilities


You were on level 1 of the Abyss.
You visited 1 branch of the dungeon, and saw 4 of its levels.
You visited the Abyss 1 time.

You collected 280 gold pieces.

Inventory:

Hand Weapons
 a - a +0 flail
 j - a +0 whip of venom
 w - the +0 whip "Pecogg" (weapon) {drain, rElec rF- Int+3 SInv}
   (You took it off a gnoll on level 4 of the Dungeon)

   Int:       It affects your intelligence (+3).
   rF:        It makes you vulnerable to fire.
   rElec:     It insulates you from electricity.
   SInv:      It lets you see invisible.
Missiles
 p - 2 curare-tipped darts (quivered)
Armour
 c - a +0 buckler (worn)
 i - a +3 leather armour of positive energy (worn)
Jewellery
 n - a ring of flight (left hand)
 r - a ring of protection from cold (right hand)
Scrolls
 b - a scroll of amnesia {unknown}
 e - a scroll of teleportation {unknown}
 h - 2 scrolls of revelation {unknown}
 k - a scroll of enchant weapon {unknown}
 o - a scroll of fear {unknown}
 s - a scroll of vulnerability {unknown}
 t - a scroll of butterflies {unknown}
 u - a scroll of identify {unknown}
Potions
 d - a potion of might
 f - a potion of heal wounds {unknown}
 g - 2 potions of curing {unknown}
 l - a potion of resistance {unknown}
 m - a potion of enlightenment {unknown}
 q - 2 potions of lignification {unknown}
 v - a potion of berserk rage {unknown}


   Skills:
 + Level 5.1 Fighting
 + Level 4.0 Maces & Flails
 + Level 5.2 Armour
 + Level 5.1 Shields


You had 6 spell levels left.
You didn't know any spells.
Your spell library contained the following spells:

 Spells                   Type           Power      Damage    Failure   Level
 Freeze                   Ice            0%         1d3       43%         1
 Ensorcelled Hibernation  Hex/Ice        0%         N/A       56%         2
 Static Discharge         Conj/Air       0%         2-2/arc   56%         2
 Frozen Ramparts          Ice            0%         1d1       80%         3
 Hailstorm                Conj/Ice       0%         3d3       80%         3
 Airstrike                Air            0%         2d(0-16)  99%         4
 Anguish                  Hex/Necr       0%         N/A       99%         4
 Summon Lightning Spire   Summ/Air       0%         N/A       99%         4


Dungeon Overview and Level Annotations

Branches:
Dungeon (4/15)
 Temple: D:4-7

Altars:
Elyvilon
Wu Jian

Annotations:
D:4 Crazy Yiuf


Innate Abilities, Weirdness & Mutations

You are immune to sickness and miasma.
Your stone body is resilient. (AC +4)
You are immune to poison.
You resist negative energy. (rN+)
You are resistant to electric shocks. (rElec)
You are resistant to unholy torment.
You are immune to petrification.


Message History

The worldbinder hits you.
The worldbinder calls forth creatures from the Shoals!
The worldbinder attacks as you move away!
The worldbinder hits you.
The worldbinder hits you but does no damage.
You block the worldbinder's attack.
The worldbinder hits you but does no damage.
The worldbinder attacks as you move away!
You block the worldbinder's attack.
The worldbinder hits you but does no damage.
The worldbinder attacks as you move away!
The worldbinder hits you but does no damage.
The worldbinder hits you. You block the worldbinder's attack.
The worldbinder hits you.
The manticore disappears in a puff of smoke!
The worldbinder hits you but does no damage.
You block the worldbinder's attack.
The worldbinder hits you but does no damage.
The worldbinder closely misses you. The worldbinder hits you.
The worldbinder barely misses you.
The worldbinder attacks as you move away!
The worldbinder barely misses you. The worldbinder hits you.
The worldbinder hits you but does no damage.
The worldbinder closely misses you.
A raiju comes into view.
The worldbinder hits you but does no damage. x2
The raiju bursts into living lightning!
The living lightning hits you. You resist.
The raiju blinks!
The raiju bursts into living lightning!
The living lightning hits you. You resist.
The raiju blinks!
The worldbinder attacks as you move away!
The worldbinder misses you.
The worldbinder hits you but does no damage.
The worldbinder calls forth creatures from the Shoals! x2
The manticore attacks as you move away! The manticore bites you!
* * * LOW HITPOINT WARNING * * *
The manticore claws you.
* * * LOW HITPOINT WARNING * * *
The manticore claws you!
You die...

..# ... . # ..# #.#
.## .#. .. #..##..
#... #.###.# #.##
...##..#.#...#. ..
...##..#H#.##.#..#
..#
.......@h.....#..##.#
#.#..#.#txH...#..#..#
... #...m####..#...#
# #.#..##..##....#
##....##.......#
#..#### .#..## ####
## ....# #.##.##
####### #.#..#


You could see a merfolk aquamancer (summoned, expiring), a snapping turtle
(summoned), 2 manticores, a worldbinder and a raiju.

Vanquished Creatures
  A water moccasin (D:3)
  A black bear (D:4)
  An orc priest (D:4)
  A gnoll bouda (D:4)
  A sleepcap (D:4)
  Jessica (D:2)
  5 gnolls (D:4)
  3 adders
  5 worms
  2 dart slugs
  7 orcs
  11 bats
  9 endoplasms
  2 giant cockroaches (D:1)
  9 goblins
  5 hobgoblins
  5 quokkas
  10 ball pythons
  2 frilled lizards (D:1)
  9 kobolds
  6 rats
96 creatures vanquished.

Vanquished Creatures (others)
  A quokka (D:3)
1 creature vanquished.

Grand Total: 97 creatures vanquished

Notes
Turn   | Place    | Note
-------+----------+-------------------------------------------
     0 | D:1      | hashsling the Gargoyle Fighter began the quest for the Orb.
     0 | D:1      | Reached XP level 1. HP: 14/14 MP: 1/1
    18 | D:1      | Found a faded altar of an unknown god.
   115 | D:1      | Reached XP level 2. HP: 19/19 MP: 2/2
   358 | D:1      | Reached XP level 3. HP: 23/23 MP: 3/3
   759 | D:2      | Noticed Jessica
   763 | D:2      | Killed Jessica
   764 | D:2      | Reached XP level 4. HP: 29/29 MP: 4/4
  1624 | D:3      | Reached XP level 5. HP: 32/33 MP: 5/5
  1656 | D:3      | Found a white marble altar of Elyvilon.
  1670 | D:3      | Noticed a water moccasin
  1694 | D:3      | Killed a water moccasin
  1695 | D:3      | Reached XP level 6. HP: 4/39 MP: 6/6
  2421 | D:4      | Found an ornate altar of the Wu Jian Council.
  2633 | D:4      | Noticed a black bear
  2645 | D:4      | Killed a black bear
  2646 | D:4      | Reached skill level 5 in Armour
  2646 | D:4      | Reached skill level 5 in Shields
  2655 | D:4      | Reached skill level 5 in Fighting
  2723 | D:4      | Reached XP level 7. HP: 36/44 MP: 7/7
  2821 | D:4      | Identified the +0 whip "Pecogg" {drain, rElec rF- Int+3
                  | SInv}
  3133 | D:4      | Found a runed translucent door.
  3134 | D:4      | Noticed Crazy Yiuf
  3142 | Abyss:1  | Cast into level 1 of the Abyss (Crazy Yiuf)
  3165 | Abyss:1  | Noticed a rust devil
  3185 | Abyss:1  | Noticed a worldbinder
  3199 | Abyss:1  | Noticed a merfolk aquamancer
  3212 | Abyss:1  | Noticed a snapping turtle
  3212 | Abyss:1  | Noticed a manticore
  3229 | Abyss:1  | Noticed a raiju
  3233 | Abyss:1  | Noticed a merfolk aquamancer
  3233 | Abyss:1  | Noticed a snapping turtle
  3233 | Abyss:1  | Noticed a manticore
  3233 | Abyss:1  | Noticed a manticore
  3233 | Abyss:1  | Slain by a manticore

Illustrated notes

Levels and vault maps discovered:
D:1:      ncdulo_smallfort, layout_basic, hellmonk_ecumenical_altar_run_dry
D:2:      layout_loops_ring, minmay_joined_circles, uniq_jessica
D:3:      layout_loops_ring, elyvilon_altar_4
D:4:      layout_loops_ring, amcnicky_altar_gilded, ebering_ghost_inner_flame,
          minmay_misc_feat_rugged, feat_on_display, uniq_crazy_yiuf_cottage
Abyss:1:  base: D:1, evilmike_abyss_exit_vortex

Skill      XL: |  1  2  3  4  5  6  7 |
---------------+----------------------+-----
Armour         | 4 5 |  5.2
Shields        | 4 5 |  5.1
Fighting       | 4 5 |  5.1
Maces & Flails | 3 4 |  4.0

Action                     |  1- 3 |  4- 6 |  7- 9 || total
---------------------------+-------+-------+-------++-------
  Melee: Flail             |    90 |       |       ||    90
         Whip              |    44 |   217 |    41 ||   302
  Throw: Dart              |       |     2 |       ||     2
 Armour: Scale mail        |    32 |       |       ||    32
         Leather armour    |    36 |    70 |    28 ||   134
  Dodge: Dodged            |    77 |   122 |    23 ||   222
  Block: Buckler           |    28 |    31 |     6 ||    65

Table legend: (Time is in decaauts)
 A = Elapsed time spent in this place.
 B = Non-inter-level travel time spent in this place.
 C = Inter-level travel time spent in this place.
 D = Time resting spent in this place.
 E = Time spent auto-exploring this place.
 F = Levels seen in this place.
 G = Mean time per level.
                   A        B        C        D        E       F      G
               +--------+--------+--------+--------+--------+-----+--------+
         Total |   3256 |   3137 |    119 |      0 |   2266 |   5 |  651.2 |
       Dungeon |   3166 |   3047 |    119 |      0 |   2244 |   4 |  791.5 |
         Abyss |     90 |     90 |      0 |      0 |     22 |   1 |   90.0 |
               +--------+--------+--------+--------+--------+-----+--------+

Top non-repeatable levels by time:
     D:4: 862 daAuts
     D:3: 855 daAuts
     D:2: 783 daAuts
     D:1: 664 daAuts
 Abyss:1: 90 daAuts
